 Dungeon Crawl Stone Soup version 0.18.1-47-g9310371 (webtiles) character file.

230 Ery the Skirmisher (level 5, 48/48 HPs)
             Began as a Minotaur Berserker on June 14, 2016.
             Was a Believer of Trog.
             Quit the game on level 3 of the Dungeon.
             The game lasted 00:03:12 (2693 turns).

Ery the Skirmisher (Minotaur Berserker)             Turns: 2693, Time: 00:03:13

Health: 48/48      AC:  4    Str: 21    XL:     5   Next: 72%
Magic:  4/4        EV: 13    Int:  4    God:    Trog [**....]
Gold:   205        SH:  0    Dex: 11    Spells: 0 memorised, 4 levels left

rFire  . . .     SeeInvis .     a - +0 mace
rCold  . . .     Gourm    .     b - +0 animal skin
rNeg   . . .     Faith    .     (no shield)
rPois  .         Spirit   .     (helmet restricted)
rElec  .         Dismiss  .     (no cloak)
rCorr  .         Reflect  .     (no gloves)
SustAt .         Harm     .     (no boots)
MR     .....                    (no amulet)
Stlth  +++.......               i - ring of stealth
                                h - +2 ring of protection

@: not resistant to hostile enchantments, fairly stealthy
A: retaliatory headbutt, horns 2
a: Berserk, Trog's Hand, Burn Spellbooks, Renounce Religion


You were on level 3 of the Dungeon.
You worshipped Trog.
Trog was pleased with you.
You were very hungry.

You visited 1 branch of the dungeon, and saw 3 of its levels.

You collected 205 gold pieces.

Inventory:

Hand Weapons
 a - a +0 mace (weapon)
Armour
 b - a +0 animal skin (worn)
 p - a +0 scale mail
Jewellery
 h - a +2 ring of protection (left hand)
 i - a ring of stealth (right hand)
Wands
 m - a wand of random effects (22/48)
Scrolls
 d - a scroll of magic mapping {unknown}
 f - a scroll of teleportation {unknown}
 j - 5 scrolls of identify {unknown}
 n - a scroll of enchant armour {unknown}
 o - 2 scrolls of amnesia {unknown}
 s - a scroll of noise {unknown}
 t - 3 scrolls of random uselessness {unknown}
 v - a scroll of recharging {unknown}
Potions
 e - 3 potions of heal wounds {unknown}
 g - 3 potions of agility {unknown}
 k - a potion of curing {unknown}
 q - a potion of resistance {unknown}
 r - a potion of lignification {unknown}
 u - a potion of haste {unknown}
Comestibles
 c - 3 bread rations
 l - a beef jerky


   Skills:
 + Level 5.4 Fighting
 + Level 5.1 Maces & Flails
 * Level 3.0 Armour
 - Level 3.4 Dodging
 - Level 1.4 Stealth


You had 4 spell levels left.
You didn't know any spells.

Dungeon Overview and Level Annotations

Branches:
Dungeon (3/15)

Altars:
Fedhas
Makhleb
Xom


Innate Abilities, Weirdness & Mutations

You reflexively headbutt those who attack you in melee.
You have a pair of horns on your head.


Message History

No target in view!
No target in view!
Done exploring.
Done exploring.
No target in view!
Done exploring.
No target in view!
Done exploring.
No target in view!
Unknown command.
Unknown command.
Unknown command.
Are you sure you want to abandon this character and quit the game? (Confirm with "yes".)
Okay, then.
Unknown command.
Unknown command.
Unknown command.
Unknown command.
Unknown command.
Are you sure you want to abandon this character and quit the game? (Confirm with "yes".)

.....#.....≈≈.....# #.#
##.##......≈§.....####### #.#
##..........≈§....#.....# #.#
##.###.......§§≈§.#####.# #.#
##.###........≈§≈.# #.####.#
##............§...# #....#.#
#####.#################..#...#
# #.#.....# #......##..#<### #
#.#.....####@.##.##..#.#
#####.#.....##.....#.##..#.#
.............#.#..##.##..#.#
#####.#......#.#..##.#...#.# #
#.#......#.#.>##.#.#.#.# #
#.#......#.##.##.#.#.#.# #
#.#......#.##.##.#.#.#.#
#.#(...............#.#.#
#.#................#.#.#


There were no monsters in sight!

Vanquished Creatures
  An orc priest (D:3)
  3 iron imps (D:3)
  5 adders
  A worm (D:2)
  3 dart slugs
  3 giant geckos (D:1)
  7 orcs (D:3)
  A giant cockroach (D:2)
  3 goblins
  10 hobgoblins
  3 jackals (D:1)
  7 bats
  2 giant newts
  5 kobolds
  5 rats
59 creatures vanquished.

Notes
Turn   | Place    | Note
--------------------------------------------------------------
     0 | D:1      | Ery the Minotaur Berserker began the quest for the Orb.
     0 | D:1      | Reached XP level 1. HP: 19/19 MP: 0/0
   292 | D:1      | Reached XP level 2. HP: 22/27 MP: 1/1
   721 | D:1      | Reached XP level 3. HP: 33/33 MP: 2/2
   739 | D:1      | Reached ** piety under Trog
  1073 | D:2      | Reached XP level 4. HP: 37/41 MP: 3/3
  1250 | D:2      | Found a shimmering altar of Xom.
  1394 | D:2      | Found a blossoming altar of Fedhas.
  1619 | D:3      | Found a burning altar of Makhleb.
  1634 | D:3      | Reached skill level 1 in Stealth
  1647 | D:3      | Reached skill level 5 in Fighting
  1647 | D:3      | Reached XP level 5. HP: 13/48 MP: 4/4
  2343 | D:3      | Reached skill level 5 in Maces & Flails
  2693 | D:3      | Quit the game

Skill      XL: |  1  2  3  4  5 |
---------------+----------------+-----
Maces & Flails | 4 5 |  5.1
Fighting       | 4 5 |  5.4
Dodging        | 3 |  3.4
Stealth        | 1 |  1.4
Armour         | 3 |  3.0

Action                   |  1- 3 |  4- 6 || total
-------------------------+-------+-------++-------
Melee: Mace              |    60 |    74 ||   134
       Headbutt          |     8 |    11 ||    19
 Stab: Sleeping          |     1 |       ||     1
  Eat: Bread ration      |       |     1 ||     1
Armor: Animal skin       |    12 |    16 ||    28
Dodge: Dodged            |    48 |    34 ||    82
